Map: Croisement de Kairos EC

Players

Solidmore - Winner!

  • Race: Zerg Zerg
  • League: Diamond
  • Spawn Location: 11:00

Sorandom

  • Race: Zerg Zerg
  • League: Diamond
  • Spawn Location: 5:00

VOD

Have the link to the VOD?

Description

Time

  • Played on: April 3, 2019, 7:51 p.m.
  • Length: 8:39
Show
View Real Time Build Order
Export as new Build Order

Solidmore Zerg - Winner!

Build Orders: Hatch First 

Get SALT Encoding   

  12  0:01  Drone  
  13  0:12  Overlord  
  13  0:18  Drone  
  14  0:31  Drone x2  
  14  0:35  Drone  
  17  0:53  Hatchery  
  17  0:56  Drone  
  17  1:10  Spawning Pool  
  16  1:12  Drone  
  16  1:16  Drone  
  18  1:20  Drone  
  19  1:28  Drone  
  20  1:33  Extractor  
  19  1:56  Queen  
  19  1:59  Overlord  
  21  2:05  Queen  
  23  2:10  Drone x3  
  23  2:12  Drone  
  27  2:15  Drone  
  28  2:23  Drone  
  28  2:26  Drone  
  30  2:40  Drone x2  
  30  2:41  Lair  
  32  2:48  Queen  
  32  2:50  Overlord  
  34  3:04  Evolution Chamber  
  33  3:08  Roach Warren  
  32  3:18  Drone  
  32  3:19  Drone x6  
  39  3:24  Drone  
  40  3:31  Zerg Missile Weapons Level 1  
  40  3:33  Extractor  
  40  3:34  Drone x2  
  40  3:35  Extractor  
  40  3:45  Evolution Chamber  
  40  3:47  Glial Reconstitution  
  39  3:49  Drone x2  
  39  3:54  Overlord  
  41  3:57  Drone x3  
  44  4:03  Overseer  
  44  4:13  Drone x3  
  44  4:14  Drone  
  44  4:16  Roach  
  50  4:25  Roach  
  50  4:28  Overlord  
  52  4:34  Hatchery  
  51  4:48  Roach x4  
  51  4:49  Overlord x2  
  51  4:50  Overlord  
  59  5:08  Roach x6  
  59  5:10  Roach  
  59  5:12  Roach x2  
  77  5:22  Roach  
  77  5:23  Roach  
  77  5:25  Zerg Ground Armor Level 1  
  81  5:31  Roach  
  81  5:34  Overlord  
  81  5:35  Overlord  
  83  5:39  Zerg Missile Weapons Level 2  
  83  5:51  Drone x7  
  84  6:13  Drone x11  
  95  6:18  Extractor  
  95  6:20  Extractor  
  93  6:27  Roach x3  
  99  6:43  Drone x3  
  99  6:44  Drone x3  
  99  6:45  Overlord x2  
  105  6:58  Hydralisk Den  
  105  7:01  Drone  
  105  7:05  Roach x8  
  121  7:09  Ravager  
  121  7:13  Overlord x5  
  122  7:26  Hatchery  
  121  7:34  Roach  
  121  7:35  Roach x11  
  139  7:48  Roach x2  
  139  7:49  Roach x3  
  147  8:01  Roach  
  147  8:02  Roach x5  
  147  8:15  Drone x9  
Show
View Real Time Build Order
Export as new Build Order

Sorandom Zerg 

Build Orders: Hatch First 

Get SALT Encoding   

  12  0:02  Drone  
  13  0:12  Overlord  
  13  0:25  Drone  
  14  0:30  Drone x2  
  16  0:38  Drone  
  17  0:54  Hatchery  
  17  0:56  Drone  
  17  1:12  Spawning Pool  
  17  1:13  Extractor  
  17  1:15  Drone  
  16  1:18  Drone  
  16  1:22  Drone  
  18  1:35  Overlord  
  18  1:46  Drone  
  19  1:58  Queen  
  21  2:03  Roach Warren, Drone  
  21  2:08  Queen  
  23  2:17  Drone x2  
  23  2:20  Zergling x2  
  26  2:23  Drone  
  27  2:43  Roach x4  
  35  2:48  Drone  
  36  2:55  Overlord  
  36  3:12  Queen  
  36  3:19  Drone x6  
  44  3:41  Overlord  
  44  3:43  Evolution Chamber  
  44  3:47  Hatchery  
  42  3:48  Overlord  
  42  3:52  Drone x2  
  42  3:54  Extractor  
  43  3:57  Drone  
  43  4:02  Lair  
  44  4:04  Extractor, Drone  
  44  4:12  Zerg Missile Weapons Level 1  
  44  4:14  Roach  
  46  4:23  Drone x4  
  46  4:24  Drone  
  51  4:26  Drone  
  51  4:27  Drone  
  51  4:29  Drone  
  54  4:32  Drone  
  54  4:33  Drone  
  56  4:45  Overlord  
  56  4:47  Roach x2  
  60  4:53  Extractor, Overlord  
  60  4:54  Overlord  
  59  5:04  Roach x4  
  67  5:08  Roach  
  69  5:15  Queen  
  69  5:16  Roach  
  73  5:25  Roach x3  
  73  5:26  Roach  
  81  5:29  Roach  
  81  5:31  Roach  
  85  5:39  Roach  
  85  5:40  Roach  
  89  5:44  Overlord x2  
  88  6:06  Zerg Ground Armor Level 1  
  82  6:11  Roach  
  82  6:12  Roach x7  
  98  6:24  Overlord x3  
  98  6:32  Glial Reconstitution  
  98  6:46  Ravager x4  
  102  6:49  Drone x3  
  102  6:51  Drone x3  
  102  6:53  Roach x2  
  112  7:11  Roach  
  112  7:13  Roach x4  
  122  7:23  Overlord x6  
  114  7:37  Roach  
  114  7:38  Roach x3  
  122  7:46  Roach  
  122  7:47  Roach x4  
  132  7:53  Roach x3  
  134  8:02  Roach  
  134  8:03  Roach  
  134  8:04  Roach x2  
Tags
 
Add a new tag
Caveats
  • Supply blocks, unpowered buildings, or Contaminate may cause inaccurate times.
  • Supply counts are checked every 10 seconds.